 Dungeon Crawl Stone Soup version 0.27-a0-819-g058290f16d (webtiles) character file.

Game seed: 13797528692447658535

697 polve the Slasher (level 7, -5/52 HPs)
             Began as a Demonspawn Abyssal Knight on Mar 29, 2021.
             Was a Follower of Lugonu.
             Slain by an ogre
             ... wielding a +0 giant spiked club
              (18 damage)
             ... on level 5 of the Dungeon.
             The game lasted 00:06:53 (7830 turns).

polve the Slasher (Demonspawn Abyssal Knight)       Turns: 7830, Time: 00:06:54

Health: -5/52      AC:  5    Str: 14    XL:     7   Next: 38%
Magic:  8/8        EV: 11    Int: 14    God:    Lugonu [*.....]
Gold:   153        SH:  0    Dex: 12    Spells: 4/6 levels left

rFire    . . .     SeeInvis .   a - +1 falchion
rCold    . . .     Faith    .   (no shield)
rNeg     . . .     Spirit   .   b - +0 leather armour
rPois    .         Reflect  .   (no helmet)
rElec    .         Harm     .   (no cloak)
rCorr    .         Rampage  .   (no gloves)
Will     .....                  d - +0 pair of boots
Stlth    +.........             (no amulet)
HPRegen  0.17/turn              (no ring)
MPRegen  0.11/turn              (no ring)

@: no status effects
A: talons 1, foul stench 2, sharp scales 1
a: Renounce Religion, Depart the Abyss


You were on level 5 of the Dungeon.
You worshipped Lugonu.
Lugonu was aware of your devotion.
You visited 1 branch of the dungeon, and saw 5 of its levels.
You visited the Abyss 1 time.

You collected 153 gold pieces.

Inventory:

Hand Weapons
 a - a +1 falchion (weapon)
Armour
 b - a +0 leather armour (worn)
 d - a +0 pair of boots (worn)
 j - a +0 pair of gloves
 k - a +0 helmet
Jewellery
 g - a ring of fire
 i - an amulet of reflection
Scrolls
 c - a scroll of magic mapping {unknown}
 e - 4 scrolls of identify {unknown}
 f - 2 scrolls of teleportation {unknown}
 h - a scroll of fog {unknown}
 l - a scroll of acquirement {unknown}
 m - 2 scrolls of noise {unknown}
 q - 2 scrolls of immolation {unknown}
 r - a scroll of holy word {unknown}
Potions
 n - a potion of lignification {unknown}
 o - 2 potions of degeneration {unknown}


   Skills:
 - Level 3.0 Fighting
 + Level 7.7 Long Blades
 - Level 1.7 Armour
 - Level 0.8 Dodging
 - Level 2.4 Invocations


You had 4 spell levels left.
You knew the following spells:

 Your Spells              Type           Power      Damage    Failure   Level
a - Wereblood             Tmut           0%         N/A       47%         2

Your spell library contained the following spells:

 Spells                   Type           Power      Damage    Failure   Level
 Beastly Appendage        Tmut           0%         N/A       34%         1
 Spider Form              Tmut/Pois      0%         N/A       71%         3
 Ice Form                 Ice/Tmut       0%         N/A       98%         4
 Blade Hands              Tmut           0%         N/A       100%        5


Dungeon Overview and Level Annotations

Branches:
Dungeon (5/15)
 Temple: D:4-7

Altars:
Dithmenos
Ru

Annotations:
D:5 Pikel


Innate Abilities, Weirdness & Mutations

You have sharp toenails.
You sometimes emit foul miasma when damaged in melee.
You are partially covered in razor-sharp scales. (AC +1, Slay +1)


Message History

The iguana bites you.
You emit a cloud of foul miasma!
You hit the iguana.
The iguana is moderately wounded.
The iguana is engulfed in dark miasma.
The iguana is poisoned.
The iguana bites you!
You hit the iguana.
You kill the iguana!
Lugonu accepts your kill.
You hit the lemure.
The lemure is lightly wounded.
The lemure barely misses you.
You hit the lemure.
The lemure is moderately wounded.
The lemure barely misses you.
You riposte.
You hit the lemure.
The lemure is heavily wounded.
You closely miss the lemure.
The lemure is heavily wounded.
The lemure hits you.
You hit the lemure but do no damage.
The lemure is heavily wounded.
Press: ? - help, v - describe, . - travel, g - get item
Here: Pikel, wielding a +2 whip of flaming and wearing a +0 robe Item here: an iguana corpse.
The floor.
Unknown command.
You barely miss Pikel. You hit Pikel.
Pikel is lightly wounded.
Pikel hits you with a +2 whip of flaming.
* * * LOW HITPOINT WARNING * * *
Pikel burns you.
* * * LOW HITPOINT WARNING * * *
Things that are here:
14 poisoned darts; an adder skeleton Pikel waves his whip at you.
An ogre comes into view. It is wielding a +0 giant spiked club.
The ogre shouts!
Okay, then.
The ogre hits you with a +0 giant spiked club!!
You die...

#...# ##.....)..(...<.[...#
#...# #... ...########.###.
#####...#####.##..#.#
#.....###. ...............#.#
#.###.........
........).....<.#
##...<....###.
........55..5..#.###.###.....#
#. #####...#####.###.#.##
#.....# #. #...##....K..O..#
####### #.
#####5..##>##.##@#..# ##
55..5...##.##)##.#..#####
#####...##.##...........# ###
#...##.#####.#..###.#
..###...##[#####.#.....
...†...###.......######.#
....##.########### ..........#
.....#.##.#


You could see Pikel, an ogre and a lemure.

Vanquished Creatures
  Edmund (D:4)
  A sky beast (D:5)
  A lemure (D:5)
  3 scorpions
  A bullfrog zombie (D:5)
  A centaur zombie (D:5)
  A hound (D:4)
  An iguana (D:5)
  2 hound skeletons
  9 gnolls
  4 adders
  An ufetubus (D:3)
  An adder zombie (D:5)
  2 worms (D:4)
  A dart slug (D:4)
  2 orcs
  2 ball pythons
  9 endoplasms
  2 giant cockroaches
  5 goblins
  6 hobgoblins
  2 quokkas
  5 bats
  2 frilled lizards
  8 kobolds
  5 rats
78 creatures vanquished.

Vanquished Creatures (others)
  4 starspawn tentacles (Abyss:1)
4 creatures vanquished.

Grand Total: 82 creatures vanquished

Notes
Turn   | Place    | Note
-------+----------+-------------------------------------------
     0 | Abyss:1  | polve the Demonspawn Abyssal Knight began the quest for the
                  | Orb.
     0 | Abyss:1  | Reached XP level 1. HP: 18/18 MP: 2/2
    40 | Abyss:1  | Found a corrupted altar of Lugonu.
    94 | Abyss:1  | Noticed a tentacled starspawn
   110 | Abyss:1  | Noticed a small abomination
   115 | Abyss:1  | Noticed an Executioner
   117 | D:1      | Escaped the Abyss
   411 | D:1      | Reached skill level 2 in Long Blades
   782 | D:1      | Gained mutation: You may rarely emit foul miasma when
                  | damaged in melee. [demonic ancestry]
   782 | D:1      | Reached XP level 2. HP: 24/24 MP: 3/3
   786 | D:1      | Reached * piety under Lugonu
  1399 | D:2      | Found a shadowy altar of Dithmenos.
  1459 | D:2      | Reached skill level 3 in Long Blades
  1879 | D:2      | Gained mutation: You sometimes emit foul miasma when
                  | damaged in melee. [demonic ancestry]
  1879 | D:2      | Reached XP level 3. HP: 29/29 MP: 4/4
  2300 | D:2      | Found a sacrificial altar of Ru.
  2768 | D:3      | Learned a level 2 spell: Wereblood
  3412 | D:3      | Gained mutation: You are partially covered in razor-sharp
                  | scales. (AC +1, Slay +1) [demonic ancestry]
  3412 | D:3      | Reached XP level 4. HP: 33/35 MP: 5/5
  3694 | D:4      | Reached skill level 4 in Long Blades
  3865 | D:4      | Reached XP level 5. HP: 24/41 MP: 6/6
  3886 | D:4      | Reached skill level 5 in Long Blades
  3892 | D:4      | HP: 2/41 [poisoned by a scorpion]
  5313 | D:4      | Reached XP level 6. HP: 39/47 MP: 7/7
  5565 | D:4      | Noticed Edmund
  6060 | D:4      | Reached skill level 6 in Long Blades
  6881 | D:4      | Killed Edmund
  7270 | D:5      | Entered Level 5 of the Dungeon
  7434 | D:5      | Reached skill level 7 in Long Blades
  7465 | D:5      | Gained mutation: You have sharp toenails. [demonic
                  | ancestry]
  7465 | D:5      | Reached XP level 7. HP: 48/52 MP: 8/8
  7771 | D:5      | Noticed Pikel
  7830 | D:5      | Slain by an ogre

Illustrated notes

Levels and vault maps discovered:
D:1:      dpeg_arrival_court, layout_basic, nrook_campfire, nrook_mini_backslash
D:2:      layout_loops_cross, grunt_dithmenos_smoke_and_mirrors,
          nicolae_ru_path_of_blood
D:3:      layout_basic, kennysheep_generic_room_3
D:4:      layout_basic, uniq_edmund
D:5:      layout_loops_cross, amethyst_overflow_temple_binary,
          minmay_temple_entry_enclosed_plants, minmay_misc_feat_encased,
          lemuel_flame_loot_1, uniq_pikel

Skill      XL: |  1  2  3  4  5  6 |
---------------+-------------------+-----
Long Blades    | 2 3 4 5 7 |  7.7
Fighting       | |  3.0
Armour         | |  1.7
Dodging        | |  0.8
Invocations    | |  2.4

Action                   |  1- 3 |  4- 6 |  7- 9 || total
-------------------------+-------+-------+-------++-------
Melee: Falchion          |   109 |   159 |    54 ||   322
Invok: Depart the Abyss  |     1 |       |       ||     1
  Use: Potion            |       |     4 |       ||     4
 Stab: Sleeping          |     1 |       |       ||     1
Armor: Leather armour    |    27 |    37 |    15 ||    79
Dodge: Dodged            |    66 |    85 |    29 ||   180
       Rpst.: Falchion   |    22 |    19 |    13 ||    54

Table legend: (Time is in decaauts)
 A = Elapsed time spent in this place.
 B = Non-inter-level travel time spent in this place.
 C = Inter-level travel time spent in this place.
 D = Time resting spent in this place.
 E = Time spent auto-exploring this place.
 F = Levels seen in this place.
 G = Mean time per level.
                   A        B        C        D        E       F      G
               +--------+--------+--------+--------+--------+-----+--------+
         Total |   7853 |   7653 |    200 |    281 |   6291 |   6 | 1308.8 |
       Dungeon |   7736 |   7536 |    200 |    281 |   6197 |   5 | 1547.2 |
         Abyss |    117 |    117 |      0 |      0 |     94 |   1 |  117.0 |
               +--------+--------+--------+--------+--------+-----+--------+

Top non-repeatable levels by time:
     D:3: 2806 daAuts
     D:4: 2064 daAuts
     D:1: 1275 daAuts
     D:2: 1034 daAuts
     D:5: 556 daAuts
 Abyss:1: 117 daAuts
